Map: Submarine LE

Players

Skytop

  • Race: Terran Terran
  • League: Platinum
  • Spawn Location: 5:00

DANKCRAFT - Winner!

  • Race: Zerg Zerg
  • League: Platinum
  • Spawn Location: 11:00

VOD

Have the link to the VOD?

Description

Time

  • Played on: Feb. 1, 2021, 4:28 p.m.
  • Length: 15:03
Show
View Real Time Build Order
Export as new Build Order

Skytop Terran 

Build Orders: 2 Factory 

Get SALT Encoding   

  12  0:00  SCV  
  13  0:12  SCV  
  14  0:17  Supply Depot  
  14  0:24  SCV  
  15  0:39  SCV  
  16  0:42  Barracks  
  16  0:46  Refinery  
  16  0:51  SCV  
  17  1:03  SCV  
  18  1:15  SCV  
  19  1:27  SCV  
  20  1:33  Barracks Reactor  
  20  1:39  Orbital Command  
  20  1:48  Command Center  
  20  1:53  Refinery  
  20  2:03  Supply Depot  
  20  2:13  Factory  
  20  2:25  Marine x2  
  22  2:33  Command Center  
  22  2:39  SCV  
  22  2:44  Marine, Factory  
  24  2:57  SCV  
  26  3:09  SCV  
  25  3:22  Hellion x2  
  25  3:25  Bunker  
  25  3:27  Marine  
  29  3:28  Factory Tech Lab  
  29  3:29  SCV  
  31  3:34  Supply Depot  
  31  3:46  Orbital Command  
  31  3:52  Marine  
  31  3:55  Hellion  
  32  4:05  Widow Mine  
  32  4:08  Siege Tank  
  37  4:12  SCV  
  38  4:19  Widow Mine  
  40  4:35  SCV x2  
  40  4:37  Widow Mine  
  42  4:40  Widow Mine  
  44  4:52  Siege Tank  
  47  4:53  SCV x2  
  47  4:54  Marine  
  47  4:59  Widow Mine  
  46  5:10  Widow Mine  
  46  5:13  Marine  
  44  5:24  Siege Tank  
  47  5:32  Widow Mine x2  
  47  5:33  Marine, SCV  
  51  5:36  SCV  
  51  5:37  Supply Depot  
  52  5:45  SCV  
  52  5:48  SCV  
  54  5:58  Marine  
  54  5:59  SCV, Siege Tank  
  54  6:00  SCV  
  62  6:18  Widow Mine x2  
  62  6:23  SCV  
  62  6:24  Supply Depot x2  
  60  6:26  Armory  
  60  6:31  Siege Tank  
  64  6:40  Widow Mine  
  59  6:48  Widow Mine, SCV  
  59  6:49  SCV  
  61  7:01  SCV  
  62  7:03  Siege Tank  
  65  7:11  Hellion x2  
  65  7:35  Siege Tank  
  60  8:03  Widow Mine x2  
  62  8:07  Siege Tank  
  60  8:13  Marine  
  58  8:31  Marine  
  59  8:40  SCV x2  
  59  8:52  SCV  
  60  9:04  SCV  
  61  9:11  Command Center  
  61  9:16  SCV  
  62  9:18  Marine  
  62  9:20  Siege Tank  
  62  9:21  Widow Mine x2  
  70  9:28  SCV  
  71  9:36  Marine  
  72  9:40  SCV  
  64  9:53  SCV  
  64  9:54  Marine  
  61  10:00  Orbital Command  
  61  10:05  SCV  
  62  10:16  Siege Tank  
  62  10:17  Widow Mine x2, SCV  
  70  10:29  SCV  
  70  10:35  Refinery  
  71  10:38  Refinery  
  71  10:40  SCV  
  71  10:41  SCV  
  73  10:44  Widow Mine x2  
  73  10:48  Siege Tank  
  80  10:51  Orbital Command  
  80  10:52  SCV  
  80  10:53  SCV  
  78  10:59  Marine  
  79  11:05  SCV x2  
  81  11:13  Supply Depot x2  
  81  11:15  Supply Depot  
  81  11:17  Marine, SCV x2  
  84  11:23  Widow Mine x2, Siege Tank  
  89  11:29  SCV x2  
  89  11:30  Factory  
  87  11:35  Marine  
  86  11:41  SCV x2  
  83  11:53  SCV x2  
  85  11:55  Siege Tank  
  85  12:04  Barracks Reactor  
  85  12:05  SCV  
  85  12:06  SCV  
  87  12:17  SCV x2  
  87  12:18  SCV  
  90  12:23  Marine x2  
  90  12:24  Factory Tech Lab  
  90  12:25  Factory Tech Lab  
  90  12:29  SCV x2  
  94  12:30  SCV  
  94  12:31  Supply Depot  
  94  12:32  Supply Depot x2  
  89  12:41  SCV x2  
  89  12:42  SCV  
  89  12:43  Marine x2  
  90  12:53  SCV x2  
  89  13:01  Marine x2  
  91  13:10  SCV x2  
  91  13:11  SCV  
  94  13:19  Marine x2  
  96  13:22  SCV  
  96  13:23  SCV  
  98  13:30  Siege Tank x3  
  108  13:35  SCV x2  
  108  13:37  Marine x2  
  107  13:51  Refinery  
  107  13:54  Marine x2, Refinery  
  104  14:12  Marine x2  
Show
View Real Time Build Order
Export as new Build Order

DANKCRAFT Zerg - Winner!

Build Orders: Pool First, Ravager All-In 

Get SALT Encoding   

  12  0:02  Drone  
  13  0:10  Drone  
  14  0:19  Overlord  
  14  0:35  Extractor  
  13  0:38  Drone, Spawning Pool  
  14  0:42  Drone  
  14  0:50  Drone  
  15  0:59  Drone  
  15  1:02  Drone  
  17  1:10  Drone  
  18  1:30  Hatchery  
  17  1:33  Drone  
  18  1:55  Hatchery  
  17  2:03  Zergling x4  
  17  2:05  Zergling x2  
  20  2:17  Roach Warren  
  19  2:28  Drone x2  
  21  2:35  Drone  
  22  2:39  Burrow  
  22  2:47  Extractor  
  21  3:08  Queen  
  21  3:09  Roach  
  21  3:11  Drone x4  
  29  3:13  Drone  
  29  3:19  Roach  
  32  3:31  Roach  
  33  3:59  Overlord x2  
  33  4:13  Overlord  
  33  4:17  Queen x2  
  33  4:18  Spore Crawler  
  33  4:20  Roach  
  33  4:21  Roach x2  
  33  4:23  Ravager x3  
  45  4:31  Overlord  
  45  4:41  Ravager  
  45  4:42  Ravager  
  45  4:43  Drone  
  48  4:48  Drone x6  
  54  5:11  Spore Crawler  
  48  5:24  Roach x3  
  54  5:31  Drone x6  
  60  5:39  Roach  
  58  5:51  Extractor  
  58  5:52  Extractor  
  56  5:59  Ravager  
  56  6:01  Ravager x3  
  60  6:05  Hatchery  
  53  6:28  Lair  
  50  6:43  Roach  
  50  6:44  Roach  
  48  7:09  Drone x9  
  48  7:10  Overlord x3  
  56  7:30  Ravager x2  
  58  7:37  Drone  
  58  7:38  Drone x7  
  58  7:40  Extractor x2  
  58  7:41  Spore Crawler  
  63  8:00  Overlord x3  
  60  8:19  Roach  
  62  8:21  Overlord x3  
  62  8:28  Roach  
  62  8:29  Roach x9  
  82  8:35  Roach x4  
  82  8:36  Roach  
  82  8:39  Roach  
  82  8:40  Roach  
  87  8:49  Roach x3  
  93  9:09  Overlord x2  
  93  9:17  Hydralisk Den  
  93  9:18  Drone x3  
  93  9:19  Drone, Spire  
  93  9:20  Drone x2  
  93  9:21  Drone x2  
  93  9:23  Roach x2  
  93  9:24  Roach  
  105  9:29  Drone  
  86  10:09  Overlord x2  
  86  10:14  Muscular Augments  
  86  10:15  Hatchery  
  86  10:16  Pneumatized Carapace  
  85  10:22  Overlord x2  
  85  10:27  Ravager  
  86  10:39  Drone x3, Spine Crawler  
  86  10:41  Spine Crawler  
  87  10:52  Ravager x3  
  87  10:54  Overseer  
  90  10:58  Drone  
  90  11:04  Drone x3  
  94  11:22  Ravager x4  
  98  11:25  Grooved Spines  
  98  11:28  Mutalisk  
  100  11:39  Ravager  
  83  12:01  Overseer  
  83  12:03  Drone x5  
  83  12:04  Drone x17  
  83  12:07  Queen  
  83  12:08  Queen x2  
  109  12:15  Ravager  
  109  12:16  Ravager x4  
  109  12:19  Drone x2  
  109  12:20  Drone, Overlord x3  
  109  12:21  Overlord  
  117  12:23  Overseer  
  114  12:43  Queen  
  101  12:55  Mutalisk x7  
  101  12:57  Mutalisk  
  111  13:01  Extractor x2  
  104  13:12  Zergling x2  
  104  13:13  Zergling x10  
  104  13:14  Metabolic Boost, Hatchery  
  108  13:21  Mutalisk x2  
  108  13:25  Hatchery  
  109  13:30  Hatchery  
  109  13:31  Mutalisk  
  109  13:34  Zergling x4  
  112  13:41  Spore Crawler  
  112  13:43  Spine Crawler  
  112  13:45  Spine Crawler  
  112  13:46  Mutalisk x3  
Tags
 
Add a new tag
Caveats
  • Supply blocks, unpowered buildings, or Contaminate may cause inaccurate times.
  • Supply counts are checked every 10 seconds.